 Dungeon Crawl Stone Soup version 0.29.0-13-gc9e81de378 (webtiles) character file.

Game seed: 7560124928248530988

369 gelatine the Shooter (level 6, -4/46 HPs)
             Began as a Demonspawn Hunter on Sept 7, 2022.
             Was a Believer of Jiyva.
             Slain by a black bear (11 damage)
             ... on level 4 of the Dungeon.
             The game lasted 00:05:36 (2533 turns).

gelatine the Shooter (Demonspawn Hunter)            Turns: 2533, Time: 00:05:37

Health: -4/46      AC:  4    Str: 11    XL:     6   Next: 41%
Magic:  6/6        EV: 12    Int: 11    God:    Jiyva [**....]
Gold:   236        SH:  4    Dex: 18    Spells: 5/5 levels left

rFire   . . .      SeeInvis .   a - +0 shortbow
rCold   . . .      Faith    .   (shield currently unavailable)
rNeg    + . .      Spirit   .   c - +0 leather armour
rPois   .          Reflect  .   (helmet restricted)
rElec   .          Harm     .   k - +0 cloak
rCorr   +          Rampage  .   (no gloves)
Will    .....                   (no boots)
Stlth   ++........              (no amulet)
HPRegen 1.11/turn               p - ring of positive energy
MPRegen 0.40/turn               (no ring)

@: no status effects
A: antennae 2, large bone plates 1, powered by death 1
a: Renounce Religion


You were on level 4 of the Dungeon.
You worshipped Jiyva.
Jiyva was pleased with you.
You visited 1 branch of the dungeon, and saw 4 of its levels.

You collected 236 gold pieces.

Inventory:

Hand Weapons
 a - a +0 shortbow (weapon)
Armour
 c - a +0 leather armour (worn)
 k - a +0 cloak (worn)
 t - a +0 chain mail
 v - a +0 scale mail
Jewellery
 o - an amulet of faith
 p - a ring of positive energy (left hand)
 u - a +4 ring of protection
Scrolls
 b - 2 scrolls of immolation
 d - a scroll of butterflies
 f - a scroll of vulnerability {unknown}
 g - 2 scrolls of blinking {unknown}
 h - a scroll of brand weapon {unknown}
 j - a scroll of noise {unknown}
 m - a scroll of summoning {unknown}
 q - a scroll of fear {unknown}
 s - 2 scrolls of identify {unknown}
Potions
 e - a potion of invisibility {unknown}
 i - a potion of flight
 l - 2 potions of curing {unknown}
 n - a potion of mutation {unknown}
 r - 2 potions of degeneration {unknown}


   Skills:
 * Level 2.7 Fighting
 * Level 6.2 Ranged Weapons
 * Level 1.7 Armour
 * Level 2.5 Dodging
 + Level 0.9 Stealth


You had 5 spell levels left.
You didn't know any spells.
Your spell library contained the following spells:

 Spells                   Type           Power      Damage    Failure   Level
 Confusing Touch          Hex            0%         N/A       80%         3
 Yara's Violent Unravell  Hex/Tmut       0%         3d3       100%        5
 Enfeeble                 Hex            0%         N/A       100%        7


Dungeon Overview and Level Annotations

Branches:
Dungeon (4/15)
 Temple: D:4-7

Altars:
Xom
Jiyva


Innate Abilities, Weirdness & Mutations

You have a pair of antennae on your head.
You are partially covered in large bone plates. (SH +4)
You regenerate a little health from kills.


Message History

The black bear claws you.
You are too injured to fight recklessly!
You are too injured to fight recklessly!
You are too injured to fight recklessly!
You are too injured to fight recklessly!
You are too injured to fight recklessly!
Fire: a) +0 shortbow
Press: ? - help, Q - select action Shift-Dir - straight line, f/p - black bear
Aim: a black bear (severely wounded, 72% to hit)
You shoot an arrow. The arrow hits the black bear.
The black bear is severely wounded.
The black bear bites you. The black bear claws you.
The black bear barely misses you. x2
The black bear claws you but does no damage.
The black bear barely misses you.
Fire: a) +0 shortbow
Press: ? - help, Q - select action Shift-Dir - straight line, f/p - black bear
Aim: a black bear (severely wounded, 72% to hit)
You shoot an arrow. The arrow hits the black bear.
The black bear is almost dead.
The black bear goes berserk!
Fire: a) +0 shortbow
Press: ? - help, Q - select action Shift-Dir - straight line, f/p - black bear
Aim: a black bear (almost dead, berserk, 72% to hit)
You shoot an arrow.
The arrow hits the black bear but does no damage.
The black bear is almost dead.
The black bear bites you. The black bear barely misses you.
You block the black bear's attack. The black bear bites you!
* * * LOW HITPOINT WARNING * * *
The black bear claws you.
* * * LOW HITPOINT WARNING * * *
The black bear closely misses you.
Fire: a) +0 shortbow
Press: ? - help, Q - select action Shift-Dir - straight line, f/p - black bear
Aim: a black bear (almost dead, berserk, 72% to hit)
You shoot an arrow. The arrow barely misses the black bear.
The arrow closely misses the kobold.
The black bear bites you!
You die...

......##....h{.....
............##
.........#.##
.....##.##K##
.........#..##
##.....#.##..#
.....###.....###
#..............####
......######.#Kh@.#
.........#
#...##.##
..##.....#
#.#.....####
..##.....#
#..####....#
.###.....# ##.#
#....# .# #.....#
##<## ##...# .#
#.....# #...# #####
.# #.....# #...# .#
#########...#


You could see a black bear (berserk) and a kobold.

Vanquished Creatures
  2 ogres (D:4)
  A phantom (D:4)
  An orc priest (D:3)
  3 adders
  A shadow imp (D:4)
  A worm (D:3)
  3 dart slugs
  3 orcs (D:3)
  2 bats (D:2)
  3 endoplasms
  3 giant cockroaches
  5 goblins
  5 hobgoblins
  4 quokkas
  4 ball pythons
  A frilled lizard (D:1)
  6 kobolds
  6 rats
54 creatures vanquished.

Vanquished Creatures (others)
  A dart slug (D:4)
  A bat (D:3)
  A hobgoblin (D:3)
  A quokka (D:3)
  A rat (D:3)
5 creatures vanquished.

Grand Total: 59 creatures vanquished

Notes
Turn   | Place    | Note
-------+----------+-------------------------------------------
     0 | D:1      | gelatine the Demonspawn Hunter began the quest for the Orb.
     0 | D:1      | Reached XP level 1. HP: 16/16 MP: 1/1
    94 | D:1      | Reached skill level 4 in Ranged Weapons
   180 | D:1      | Gained mutation: You have a pair of small antennae on your
                  | head. [demonic ancestry]
   180 | D:1      | Reached XP level 2. HP: 22/22 MP: 2/2
   640 | D:2      | Gained mutation: You are partially covered in large bone
                  | plates. (SH +4) [demonic ancestry]
   640 | D:2      | Reached XP level 3. HP: 26/27 MP: 3/3
  1030 | D:2      | Found a faded altar of an unknown god.
  1118 | D:2      | Prayed at the altar of an unknown god.
  1118 | D:2      | Became a worshipper of Jiyva Juyjyb the Shapeless
  1118 | D:2      | Reached * piety under Jiyva
  1547 | D:3      | Gained mutation: You regenerate a little health from kills.
                  | [demonic ancestry]
  1547 | D:3      | Reached XP level 4. HP: 31/33 MP: 4/4
  1611 | D:3      | Reached ** piety under Jiyva
  1633 | D:3      | HP: 1/33 [orc priest/divine providence (13)]
  1668 | D:3      | Reached skill level 5 in Ranged Weapons
  2143 | D:4      | Found a shimmering altar of Xom.
  2181 | D:4      | Noticed an ogre
  2190 | D:4      | Killed an ogre
  2191 | D:4      | Reached skill level 1 in Armour
  2191 | D:4      | Gained mutation: You have a pair of antennae on your head.
                  | [demonic ancestry]
  2191 | D:4      | Reached XP level 5. HP: 20/39 MP: 5/5
  2365 | D:4      | Noticed an ogre
  2369 | D:4      | Killed an ogre
  2370 | D:4      | Reached skill level 6 in Ranged Weapons
  2370 | D:4      | Reached XP level 6. HP: 46/46 MP: 6/6
  2533 | D:4      | Slain by a black bear

Illustrated notes

Levels and vault maps discovered:
D:1:      dpeg_arrival_pond, layout_loops_cross
D:2:      layout_basic, serial_glass, glass_columns_c, glass_columns_a,
          glass_columns_b, glass_columns_a, glass_columns_b, glass_columns_b,
          chequers_ecumenical_altar_island, dk_noncrumbling_4
D:3:      layout_loops_cross
D:4:      layout_rooms, mainiacjoe_overflow_24_doors, st_stairs_13

Skill      XL: |  1  2  3  4  5 |
---------------+----------------+-----
Ranged Weapons | 4 5 6 |  6.2
Dodging        | 2 |  2.5
Armour         | 1 |  1.7
Fighting       | |  2.7
Stealth        | |  0.9

Action                   |  1- 3 |  4- 6 || total
-------------------------+-------+-------++-------
 Fire: Shortbow          |   106 |   106 ||   212
  Use: Scroll            |       |     1 ||     1
       Potion            |       |     1 ||     1
Armor: Leather armour    |    10 |    14 ||    24
Dodge: Dodged            |    15 |    56 ||    71
Block: Other             |     1 |    14 ||    15
